 Dungeon Crawl Stone Soup version 0.29.0-15-g675c0067aa (webtiles) character file.

Game seed: 5901005676888351534

3822 NotreDorf the Spear-Bearer (level 10, 0/82 HPs)
             Began as a Merfolk Gladiator on Sept 11, 2022.
             Was a Follower of Qazlal.
             Slain by a tengu warrior
             ... wielding a +3 long sword
              (1 damage)
             ... on level 8 of the Dungeon.
             The game lasted 00:23:57 (10276 turns).

NotreDorf the Spear-Bearer (Merfolk Gladiator)     Turns: 10276, Time: 00:23:57

Health: 0/82       AC:  7    Str: 21    XL:     10   Next: 17%
Magic:  14/14      EV: 22    Int:  7    God:    Qazlal [*.....]
Gold:   474        SH:  2    Dex: 26    Spells: 9/9 levels left

rFire   + . .      SeeInvis .   e - +3 halberd
rCold   + . .      Faith    .   (shield currently unavailable)
rNeg    . . .      Spirit   .   n - +2 robe {rF+}
rPois   .          Reflect  .   c - +0 helmet
rElec   .          Harm     .   (no cloak)
rCorr   .          Rampage  .   z - +0 pair of gloves
Will    .....                   q - +0 pair of boots
Stlth   ++........              (no amulet)
HPRegen 0.23/turn               o - +6 ring of strength
MPRegen 0.14/turn               s - ring "Ebo Daf" {Fly rC+ Dex+6}

@: flying, studying Long Blades
A: (nimble swimmer 2), mertail
a: Renounce Religion


You were on level 8 of the Dungeon.
You worshipped Qazlal.
Qazlal was aware of your devotion.
You visited 2 branches of the dungeon, and saw 9 of its levels.

You collected 474 gold pieces.

Inventory:

Hand Weapons
 e - a +3 halberd (weapon)
Missiles
 d - 3 throwing nets (quivered)
Armour
 c - a +0 helmet (worn)
 n - a +2 robe of fire resistance (worn)
 q - a +0 pair of boots (worn)
 t - a +0 buckler
 z - a +0 pair of gloves (worn)
Jewellery
 j - a ring of poison resistance
 l - a ring of ice
 m - a ring of ice
 o - a +6 ring of strength (left hand)
 s - the ring "Ebo Daf" (right hand) {Fly rC+ Dex+6}
   (You found it on level 3 of the Dungeon)

   [ring of dexterity]

   Dex:       It affects your dexterity (+6).
   rC:        It protects you from cold.
   Fly:       It grants you flight.
Wands
 w - a wand of charming (17)
Scrolls
 b - a scroll of brand weapon {unknown}
 h - 3 scrolls of teleportation
 i - a scroll of poison
 k - a scroll of summoning {unknown}
 x - a scroll of blinking {unknown}
Potions
 a - 2 potions of curing
 f - 4 potions of cancellation
 g - a potion of heal wounds
 p - a potion of lignification
 u - a potion of haste
 v - a potion of brilliance {unknown}
 A - a potion of resistance {unknown}


   Skills:
 + Level 8.6 Fighting
 + Level 10.7 Polearms
 - Level 2.0 Throwing
 + Level 10.7 Dodging
 + Level 6.1 Invocations


You had 9 spell levels left.
You didn't know any spells.
Your spell library contained the following spells:

 Spells                   Type           Power      Damage    Failure   Level
 Freeze                   Ice            0%         1d3       43%         1
 Necrotise                Necr           0%         1d4       43%         1
 Static Discharge         Conj/Air       0%         3-3/arc   56%         2
 Frozen Ramparts          Ice            0%         1d1       80%         3
 Vampiric Draining        Necr           0%         2d6       80%         3
 Dispel Undead            Necr           0%         3d6       99%         4
 Hailstorm                Conj/Ice       0%         3d3       99%         4
 Sticky Flame             Conj/Fire      0%         2d3       99%         4
 Agony                    Necr           0%         N/A       100%        5


Dungeon Overview and Level Annotations

Branches:
Dungeon (8/15)             Temple (1/1) D:5
   Lair: D:8-11

Altars:
Ashenzari
Cheibriados
Dithmenos
Elyvilon
Gozag
Kikubaaqudgha
Makhleb
Nemelex Xobeh
Okawaru
Qazlal
Sif Muna
Trog
Uskayaw
Vehumet
Wu Jian
Yredelemnul
The Shining One

Shops:
D:2 [   D:4 :

Annotations:
D:2 1 runed translucent door, Crazy Yiuf
D:6 2 runed translucent doors, Fractals's ghost, novice OpCj
D:8 3 runed translucent doors, CertainDeath's ghost, novice TrTm


Innate Abilities, Weirdness & Mutations

((You are very nimble when in or above water. (Stealth+, EV+, Speed+++)))
Your lower body shifts to a powerful aquatic tail in water.


Message History

The tengu warrior hits you with a +3 long sword!
The tengu warrior closely misses you. The tengu warrior barely misses you.
You are too injured to fight recklessly!
You are too injured to fight recklessly!
You are too injured to fight recklessly!
The tengu warrior blocks your attack.
The tengu warrior is moderately wounded.
The tengu warrior hits you with a +3 long sword.
The tengu warrior pecks you.
The tengu warrior completely misses you.
You miss the tengu warrior.
The tengu warrior is moderately wounded.
The tengu warrior completely misses you.
The tengu warrior misses you. The tengu warrior claws you.
* * * LOW HITPOINT WARNING * * *
You impale the tengu warrior!!
The tengu warrior is severely wounded.
The tengu warrior hits you with a +3 long sword!!
* * * LOW HITPOINT WARNING * * *
The tengu warrior pecks you but does no damage.
The tengu warrior closely misses you.
You closely miss the tengu warrior.
The tengu warrior is severely wounded.
The tengu warrior barely misses you. The tengu warrior misses you.
The tengu warrior closely misses you.
You barely miss the tengu warrior.
The tengu warrior is severely wounded.
The tengu warrior misses you. The tengu warrior pecks you.
* * * LOW HITPOINT WARNING * * *
The tengu warrior claws you but does no damage.
You hit the tengu warrior.
The tengu warrior is severely wounded.
The tengu warrior barely misses you.
The tengu warrior pecks you but does no damage.
The tengu warrior claws you but does no damage.
The tengu warrior blocks your attack.
The tengu warrior is severely wounded.
The tengu warrior completely misses you.
The tengu warrior pecks you.
You die...

#..##.#.#.#
..##..#.#.#.#
#..#..#.#.#.# #####
..##...#.#.# #...<
#..#...#.#.#####.###
#. #..##..#.#.......#
.
.#..##..#..#.#########
##.. ........##.#.#
... #Q@...#.# #.##..
........##.#.# ......
.............# #
############.#
######### #....#
.##.....# #.####
..#..(..# #.#
#....(..# ##.#
##......# #..#


You could see a tengu warrior (reflecting).

Vanquished Creatures
  An ugly thing (D:8)
  2 trolls
  Prince Ribbit (D:5)
  Sigmund (D:4)
  Menkaure (D:4)
  An acid dragon (D:8)
  A water moccasin (D:7)
  2 black bears (D:6)
  A sky beast (D:6)
  An ogre (D:4)
  An ice beast (D:7)
  A centaur (D:6)
  A kobold brigand (D:8)
  3 bullfrogs
  A necrophage (D:4)
  A gnoll sergeant (D:6)
  15 wights
  2 hounds
  An orc priest (D:7)
  5 jellies
  Jessica (D:2)
  3 iguanas
  2 orc wizards (D:4)
  Robin (D:2)
  10 gnolls
  5 adders
  A worm (D:2)
  A dart slug (D:4)
  18 orcs
  5 bats
  7 endoplasms
  7 giant cockroaches
  8 goblins
  9 hobgoblins
  5 jackals
  9 kobolds
  6 quokkas
  4 ball pythons
  2 frilled lizards
  7 rats
154 creatures vanquished.

Notes
Turn   | Place    | Note
-------+----------+-------------------------------------------
     0 | D:1      | NotreDorf the Merfolk Gladiator began the quest for the
                  | Orb.
     0 | D:1      | Reached XP level 1. HP: 16/16 MP: 1/1
   356 | D:1      | Reached XP level 2. HP: 23/23 MP: 2/2
   933 | D:2      | Noticed Jessica
   945 | D:2      | Killed Jessica
   946 | D:2      | Reached XP level 3. HP: 12/28 MP: 3/3
  1281 | D:2      | Found a runed translucent door.
  1282 | D:2      | Noticed Crazy Yiuf
  1506 | D:2      | Noticed Robin
  1527 | D:2      | Killed Robin
  1534 | D:2      | Reached XP level 4. HP: 11/35 MP: 4/4
  1792 | D:2      | Reached skill level 5 in Dodging
  1800 | D:2      | Reached skill level 5 in Polearms
  1828 | D:2      | Found Uwuticho's Armour Shop.
  2522 | D:3      | Identified the ring "Ebo Daf" {Fly rC+ Dex+6}
  3366 | D:3      | Found a sparkling altar of Nemelex Xobeh.
  3687 | D:4      | Noticed Menkaure
  3696 | D:4      | Killed Menkaure
  3697 | D:4      | Reached XP level 5. HP: 22/42 MP: 5/5
  3697 | D:4      | Reached XP level 6. HP: 26/48 MP: 6/6
  4426 | D:4      | Reached XP level 7. HP: 55/55 MP: 7/7
  4500 | D:4      | Found an ancient bone altar of Kikubaaqudgha.
  4571 | D:4      | Noticed Sigmund
  4580 | D:4      | Killed Sigmund
  4581 | D:4      | Reached skill level 5 in Fighting
  4874 | D:4      | Found Fohabyr Xaiv's Tremendous Tomes.
  5182 | D:5      | Entered Level 5 of the Dungeon
  5424 | D:5      | Found a bloodstained altar of Trog.
  5564 | D:5      | Found a staircase to the Ecumenical Temple.
  5573 | Temple   | Entered the Ecumenical Temple
  5583 | Temple   | Became a worshipper of Qazlal Stormbringer
  5880 | D:5      | Noticed Prince Ribbit
  5891 | D:5      | Killed Prince Ribbit
  5892 | D:5      | Reached skill level 1 in Invocations
  5892 | D:5      | Reached XP level 8. HP: 51/64 MP: 7/9
  6309 | D:6      | Found a runed translucent door.
  6309 | D:6      | Noticed Fractals's ghost (novice OpCj)
  7263 | D:6      | Reached XP level 9. HP: 71/71 MP: 11/11
  7321 | D:6      | Found a hide-covered altar of Uskayaw.
  7640 | D:6      | Found a runed translucent door.
  7644 | D:6      | Found a basalt altar of Yredelemnul.
  8041 | D:7      | Found a burning altar of Makhleb.
  8515 | D:7      | Found a white marble altar of Elyvilon.
  8764 | D:7      | Reached * piety under Qazlal
  8930 | D:7      | Noticed a troll
  8939 | D:7      | Killed a troll
  9158 | D:7      | Reached skill level 5 in Invocations
  9404 | D:7      | Reached skill level 10 in Polearms
  9404 | D:7      | Reached skill level 10 in Dodging
  9633 | D:8      | Found a broken altar of Ashenzari.
  9672 | D:8      | Found a runed translucent gate.
  9673 | D:8      | Found a runed translucent gate.
  9678 | D:8      | Found a runed translucent gate.
  9685 | D:8      | Found a shadowy altar of Dithmenos.
  9687 | D:8      | Noticed CertainDeath's ghost (novice TrTm)
  9853 | D:8      | Found an iron altar of Okawaru.
  9908 | D:8      | Noticed a white ugly thing
  9909 | D:8      | Noticed a troll
  9915 | D:8      | Killed a troll
  9916 | D:8      | Reached XP level 10. HP: 74/82 MP: 14/14
  9927 | D:8      | Killed a white ugly thing
 10255 | D:8      | Noticed a tengu warrior
 10272 | D:8      | HP: 4/82 [tengu warrior/+3 long sword (19)]
 10274 | D:8      | HP: 1/82 [tengu warrior/+3 long sword (4)]
 10276 | D:8      | Slain by a tengu warrior

Illustrated notes

Levels and vault maps discovered:
D:1:      lightli_molten_gateway, layout_basic
D:2:      layout_loops_corners, serial_shops, shop_fountains,
          shapermc_ecumenical_altar_petra, dk_vineyard_1, uniq_robin,
          uniq_jessica, uniq_crazy_yiuf_cottage
D:3:      layout_basic, lemuel_crystal_altar
D:4:      layout_basic, kiku_gazebo_garden_becter, portal_sewer_entry_f,
          nicolae_shop_i_like_big_books, uniq_sigmund, uniq_menkaure
D:5:      layout_basic, lightli_temple_of_fire, minmay_temple_entry_mini_moons,
          mrwooster_statue_mirror, kennysheep_generic_room_8,
          uniq_prince_ribbit1
D:6:      layout_basic, kennysheep_mini, dk_yredelemnul_ordeal,
          hellmonk_ghost_happy_afterlife, solitary_fountain,
          minmay_misc_feat_encased
D:7:      layout_loops_corners, general_overflow_altar,
          mainiacjoe_overflow_boulevard
D:8:      minmay_tri_box, layout_basic,
          nicolae_dithmenos_through_a_glass_darkly, okawaru_trees_2,
          evilmike_ruin_ashenzari, gammafunk_ghost_spectres
Temple:   nicolae_temple_little_seven

Skill      XL: |  1  2  3  4  5  6  7  8  9 10 |
---------------+-------------------------------+-----
Fighting       | 3 4 6 8 |  8.6
Dodging        | 5 6 8 9 10 | 10.7
Polearms       | 6 8 9 10 | 10.7
Invocations    | 1 3 5 6 |  6.1
Throwing       | |  2.0

Action                   |  1- 3 |  4- 6 |  7- 9 | 10-12 || total
-------------------------+-------+-------+-------+-------++-------
Melee: Trident           |    58 |   162 |   193 |       ||   413
       Punch             |       |     1 |     1 |       ||     2
       Halberd           |       |       |   131 |    31 ||   162
  Use: Potion            |       |     3 |     1 |       ||     4
       Scroll            |       |       |    17 |       ||    17
 Stab: Sleeping          |     4 |     5 |    14 |       ||    23
       Distracted        |       |     1 |       |       ||     1
Armor: Leather armour    |    13 |    14 |       |       ||    27
       Robe              |       |    10 |    26 |    12 ||    48
Dodge: Dodged            |    29 |    96 |   205 |    33 ||   363
Block: Other             |       |       |     1 |     2 ||     3
